 Dungeon Crawl Stone Soup version 0.23-a0-644-gb60d84b635 (webtiles) character file.

25859 Napalmbreeze the Demolition Dwarf (level 12, -5/120 HPs)
             Began as a Deep Dwarf Monk on Jan 2, 2019.
             Was an Elder of Makhleb.
             Slain by a black mamba (12 damage)
             ... on level 3 of the Lair of Beasts.
             The game lasted 00:29:36 (11841 turns).

Napalmbreeze the Demolition Dwarf (DDMo)           Turns: 11841, Time: 00:29:37

Health: -5/120     AC: 18    Str: 18    XL:     12   Next: 93%
Magic:  5/5        EV: 12    Int: 13    God:    Makhleb [****..]
Gold:   120        SH:  0    Dex: 18    Spells: 14/14 levels left

rFire    + . .     SeeInvis +   L - +3 battleaxe
rCold    . . .     Gourm    +   (shield currently unavailable)
rNeg     . . .     Faith    .   P - +2 chain mail {rF+}
rPois    .         Spirit   .   G - +0 helmet
rElec    .         Reflect  .   (no cloak)
rCorr    .         Harm     .   H - +2 pair of gloves
MR       +....                  N - +0 pair of boots (curse)
Stlth    ..........             k - amulet of the gourmand
HPRegen  0.00/turn              r - ring of see invisible
MPRegen  0.09/turn              E - +3 ring of dexterity

@: non-regenerating, studying Ice Magic
A: damage resistance, heal wounds, sense surroundings 2, no regeneration
a: Heal Wounds, Minor Destruction, Lesser Servant of Makhleb, Major Destruction,
Renounce Religion


You were on level 3 of the Lair of Beasts.
You worshipped Makhleb.
Makhleb was greatly pleased with you.
You were very full.

You visited 3 branches of the dungeon, and saw 14 of its levels.
You also visited: Sewer, Ice Cave and Volcano.

You collected 789 gold pieces.
You spent 669 gold pieces at shops.

Inventory:

Hand Weapons
 z - a +0 war axe
 L - a +3 battleaxe (weapon)
 W - the +7 flail "Tegru" {freeze, Int+3}
   (You bought it in a shop on level 9 of the Dungeon)

   It has been specially enchanted to freeze those struck by it, causing extra
   injury to most foes and up to half again as much damage against particularly
   susceptible opponents.
   It can also slow down cold-blooded creatures.
   It affects your intelligence (+3).
Armour
 F - a +0 plate armour
 G - a +0 helmet (worn)
 H - a +2 pair of gloves (worn)
 I - a +0 shield
 N - a cursed +0 pair of boots (worn)
 P - a +2 chain mail of fire resistance (worn)
Jewellery
 k - an amulet of the gourmand (around neck)
 r - a ring of see invisible (left hand)
 E - a +3 ring of dexterity (right hand)
 U - an uncursed ring of poison resistance {unknown}
Wands
 l - a wand of acid (5)
 m - a wand of random effects (13)
 o - a wand of digging (4)
 B - a wand of paralysis (15)
 D - a wand of polymorph (7)
 R - a wand of iceblast (23)
Scrolls
 b - 6 scrolls of enchant weapon
 d - 2 scrolls of fear
 e - 2 scrolls of holy word
 g - 9 scrolls of enchant armour
 j - 11 scrolls of remove curse
 p - 5 scrolls of teleportation
 y - a scroll of fog {unknown}
 C - 2 scrolls of magic mapping
 K - a scroll of brand weapon {unknown}
 M - 2 scrolls of blinking
 S - a scroll of identify
 V - a scroll of vulnerability {unknown}
Potions
 a - 2 potions of mutation {unknown}
 f - a potion of haste {unknown}
 h - 5 potions of curing
 i - 2 potions of berserk rage {unknown}
 n - 3 potions of degeneration {unknown}
 q - 3 potions of heal wounds
 s - a potion of might
 t - 2 potions of ambrosia {unknown}
 u - 2 potions of flight
 v - 2 potions of agility {unknown}
 w - 7 potions of brilliance {unknown}
 x - a potion of invisibility {unknown}
 A - a potion of lignification {unknown}
 J - a potion of magic {unknown}
 O - 2 potions of resistance {unknown}
Books
 Q - a manual of Ice Magic
 T - a manual of Ice Magic
Comestibles
 c - 22 rations


   Skills:
 + Level 11.4 Fighting
 - Level 12.0 Axes
 - Level 8.0 Armour
 - Level 8.0 Dodging
 - Level 2.4 Stealth
 + Level 1.6 Spellcasting
 + Level 14.0 Invocations


You had 14 spell levels left.
You didn't know any spells.
Your spell library contained the following spells:

 Spells                   Type           Power        Failure   Level  Hunger
 Cause Fear               Hex            #.........   100%        4    #####..
 Silence                  Hex/Air        #.........   100%        5    ######.
 Yara's Violent Unravell  Hex/Tmut       #.........   100%        5    ######.
 Deflect Missiles         Chrm/Air       #.........   100%        6    #######
 Discord                  Hex            #.........   100%        8    #######


Dungeon Overview and Level Annotations

Branches:
Dungeon (10/15)            Temple (1/1) D:6            Lair (3/6) D:9
 Shoals (0/4) Lair:3       Spider (0/4) Lair:3
    Orc: D:9-12

Altars:
Cheibriados
Dithmenos
Elyvilon
Fedhas
Gozag
Hepliaklqana
Kikubaaqudgha
Makhleb
Nemelex Xobeh
Okawaru
Qazlal
Ru
Sif Muna
Trog
Uskayaw
Vehumet
Wu Jian
Xom
Yredelemnul
Zin
The Shining One

Shops:
D:9 ?(   D:10 (


Innate Abilities, Weirdness & Mutations

You are resistant to damage.
You can heal yourself by infusing magical energy.
You passively map the area around you.
You do not regenerate.


Message History

You feel better.
You see here a spiny frog corpse.
A black mamba comes into view.
You are too injured to fight recklessly!
The black mamba bites you!
* * * LOW HITPOINT WARNING * * *
You are poisoned.
The black mamba poisons you!
You closely miss the black mamba.
You feel sick. The black mamba completely misses you.
The black mamba bites you.
* * * LOW HITPOINT WARNING * * *
You are lethally poisoned!
The black mamba poisons you!
Unknown command.
You feel better. The black mamba closely misses you. The black mamba bites you!
* * * LOW HITPOINT WARNING * * *
You closely miss the black mamba. The black mamba bites you.
* * * LOW HITPOINT WARNING * * *
The black mamba bites you!
You die...

#.......# ##......##
.#....... #......P#
#..... . * ##......##
*.... ..* #P.......# *
* , ... ###......#
.... ####........# *
,,....#........#.##
...##.........### *
......S@.....##
#...........#.#
#.............#**
##.............#,,
*###.............., #
#####.............P...
, , .
#...<............####.
,,,
.....................*
, , ,
.............#.,, , ,,


You could see a black mamba.

Vanquished Creatures
  A fire dragon (Volcano)
  2 two-headed ogres
  Pikel (D:7)
  A lindwurm (Volcano)
  A necromancer (IceCv)
  An ugly thing (D:10)
  Maurice (D:9)
  3 elephants (Lair:1)
  A black mamba (Lair:3)
  An ice statue (IceCv)
  7 spiny frogs
  4 freezing wraiths (IceCv)
  A rime drake (Lair:1)
  A komodo dragon (D:9)
  2 ice devils (Lair:2)
  A troll (D:10)
  2 jumping spiders (Lair:3)
  4 blink frogs (Lair:2)
  4 hippogriffs
  2 wyverns
  15 yaks
  6 fire bats (Volcano)
  2 basilisks (Lair:1)
  2 hungry ghosts (D:10)
  Grum (D:9)
  A steam dragon (Volcano)
  A death yak simulacrum (IceCv)
  5 water moccasins
  7 porcupines
  2 hell hounds (Volcano)
  A sky beast (D:10)
  4 ice beasts
  6 orc warriors
  A phantom (D:9)
  6 ogres
  A wolf (D:9)
  6 centaurs
  11 bullfrogs
  2 big kobolds (Sewer)
  A gnoll sergeant (D:10)
  4 scorpions
  A wyvern skeleton (D:10)
  A howler monkey (D:4)
  2 vampire bats (D:3)
  4 crimson imps
  3 draconian simulacra (IceCv)
  3 centaur zombies
  2 hounds
  5 jellies
  2 orc priests
  8 orc wizards
  9 worker ants
  2 spriggan simulacra (IceCv)
  5 troll simulacra (IceCv)
  A worker ant zombie (D:9)
  7 gnolls
  2 howler monkey skeletons
  4 naga simulacra (IceCv)
  8 river rats
  15 adders
  3 ogre simulacra (IceCv)
  6 white imps (IceCv)
  7 oozes
  2 adder skeletons (D:9)
  2 worms
  2 dart slugs
  4 leopard geckos
  28 orcs
  11 bats
  3 bat skeletons (D:3)
  2 bat zombies (D:3)
  5 giant cockroaches
  6 goblins
  7 hobgoblins
  5 jackals
  25 kobolds
  5 quokkas
  6 ball pythons
  6 frilled lizards
  2 jackal skeletons
  A leopard gecko skeleton (D:4)
  A quokka skeleton (D:9)
  29 rats
  A fungus (Lair:2)
  A plant (Lair:2)
380 creatures vanquished.

Vanquished Creatures (collateral kills)
  Erolcha (D:9)
  A hydra (Lair:1)
  An ugly thing (D:8)
  A black mamba (Lair:3)
  A komodo dragon (Lair:3)
  6 freezing wraiths (IceCv)
  2 jumping spiders (Lair:3)
  A redback (Lair:3)
  A death yak simulacrum (IceCv)
  An alligator simulacrum (IceCv)
  3 ice beasts (IceCv)
  2 wolves (D:9)
  A centaur (D:9)
  A crimson imp (D:9)
  A draconian simulacrum (IceCv)
  A polar bear simulacrum (IceCv)
  2 centaur simulacra (IceCv)
  6 white imps (IceCv)
33 creatures vanquished.

Vanquished Creatures (others)
  2 plants (D:9)
2 creatures vanquished.

Grand Total: 415 creatures vanquished

Notes
Turn   | Place    | Note
-------+----------+-------------------------------------------
     0 | D:1      | Napalmbreeze the Deep Dwarf Monk began the quest for the
                  | Orb.
     0 | D:1      | Reached XP level 1. HP: 20/20 MP: 1/1
   167 | D:1      | Found a glowing golden altar of the Shining One.
   232 | D:1      | Reached XP level 2. HP: 27/27 MP: 2/2
   395 | D:1      | Reached skill level 1 in Armour
   733 | D:2      | Reached XP level 3. HP: 27/34 MP: 3/3
   842 | D:2      | Found a shimmering altar of Xom.
   890 | D:2      | Noticed a +0 dagger
   891 | D:2      | Noticed a +0 dagger
   893 | D:2      | Found a hide-covered altar of Uskayaw.
   940 | D:2      | You fall through a shaft!
   963 | D:3      | Reached XP level 4. HP: 29/42 MP: 3/3
   997 | D:3      | You fall through a shaft for 2 floors!
   997 | D:5      | Entered Level 5 of the Dungeon
  1305 | D:3      | Found an iron altar of Okawaru.
  1330 | D:3      | Reached XP level 5. HP: 28/49 MP: 4/4
  1502 | D:3      | Reached skill level 5 in Axes
  1527 | D:3      | Found a glowing drain.
  1532 | Sewer    | Entered a sewer
  1705 | Sewer    | Reached XP level 6. HP: 10/57 MP: 5/5
  2157 | D:3      | Found an ancient bone altar of Kikubaaqudgha.
  2189 | D:3      | Reached XP level 7. HP: 36/64 MP: 6/6
  2689 | D:4      | Reached skill level 5 in Dodging
  2942 | D:4      | Found an ornate altar of the Wu Jian Council.
  3119 | D:5      | Found a sacrificial altar of Ru.
  3134 | D:5      | Found a glowing silver altar of Zin.
  3842 | D:6      | Reached XP level 8. HP: 48/73 MP: 5/5
  3843 | D:6      | Found a staircase to the Ecumenical Temple.
  3912 | Temple   | Entered the Ecumenical Temple
  4036 | Temple   | Became a worshipper of Makhleb the Destroyer
  4036 | Temple   | Reached * piety under Makhleb
  4036 | Temple   | Reached ** piety under Makhleb
  4161 | D:6      | Found a shadowy altar of Dithmenos.
  4203 | D:6      | Reached skill level 1 in Invocations
  4701 | D:7      | Noticed Pikel
  4712 | D:7      | Killed Pikel
  4712 | D:7      | Reached skill level 5 in Fighting
  4712 | D:7      | Reached skill level 5 in Armour
  4712 | D:7      | Reached skill level 2 in Invocations
  4897 | D:7      | Reached skill level 3 in Invocations
  5040 | D:7      | Gained mutation: You passively map the area around you.
                  | [Deep Dwarf growth]
  5040 | D:7      | Reached XP level 9. HP: 35/81 MP: 8/8
  5593 | D:8      | Noticed a two-headed ogre
  5749 | D:8      | Reached *** piety under Makhleb
  5902 | D:8      | Reached skill level 4 in Invocations
  6142 | D:8      | Killed a two-headed ogre
  6165 | D:9      | Found Xugem's Magic Scroll Boutique.
  6173 | D:9      | Bought a scroll of identify for 28 gold pieces
  6173 | D:9      | Bought a scroll of identify for 28 gold pieces
  6173 | D:9      | Bought a scroll of identify for 28 gold pieces
  6173 | D:9      | Bought a scroll of identify for 28 gold pieces
  6207 | D:9      | Noticed a red ugly thing
  6272 | D:8      | Killed a red ugly thing
  6300 | D:9      | Reached skill level 5 in Invocations
  6313 | D:9      | Reached skill level 10 in Axes
  6352 | D:9      | Found a bloodstained altar of Trog.
  6486 | D:9      | Noticed a two-headed ogre
  6495 | D:9      | Noticed Grum
  6505 | D:9      | Killed a two-headed ogre
  6505 | D:9      | Reached XP level 10. HP: 47/91 MP: 7/9
  6505 | D:9      | Noticed Erolcha
  6513 | D:9      | Killed Grum
  6526 | D:9      | Killed Erolcha
  6526 | D:9      | Reached skill level 6 in Invocations
  6701 | D:9      | Found Penopuy's Antique Weapon Boutique.
  6761 | D:9      | Noticed Maurice
  6777 | D:9      | Killed Maurice
  7027 | D:9      | Found a staircase to the Lair.
  7178 | D:10     | Entered Level 10 of the Dungeon
  7233 | D:10     | Reached skill level 7 in Invocations
  7614 | D:9      | Reached **** piety under Makhleb
  7659 | D:9      | Bought a runed battleaxe for 294 gold pieces
  7748 | D:10     | Reached XP level 11. HP: 100/100 MP: 8/8
  7825 | D:10     | Noticed a brown ugly thing
  7840 | D:10     | Killed a brown ugly thing
  7846 | D:10     | Found Demott's Weapon Emporium.
  8325 | Lair:1   | Entered Level 1 of the Lair of Beasts
  8379 | Lair:1   | Reached skill level 8 in Invocations
  8499 | Lair:1   | Reached skill level 9 in Invocations
  8578 | Lair:1   | Noticed a five-headed hydra
  8585 | Lair:1   | Killed a six-headed hydra
  8669 | Lair:1   | Found a dark tunnel.
  8701 | Volcano  | Entered a volcano
  8774 | Volcano  | Reached skill level 10 in Invocations
  8795 | Volcano  | Noticed a lindwurm
  8814 | Volcano  | Killed a lindwurm
  8853 | Volcano  | Noticed a fire dragon
  8894 | Volcano  | Killed a fire dragon
  9232 | Lair:1   | Reached skill level 11 in Invocations
  9640 | Lair:2   | Reached XP level 12. HP: 101/115 MP: 10/10
  9768 | Lair:2   | Found a frozen archway.
  9782 | Lair:2   | Reached skill level 10 in Fighting
  9789 | IceCv    | Entered an ice cave
  9800 | IceCv    | Reached skill level 12 in Invocations
 10119 | IceCv    | Found an ancient bone altar of Kikubaaqudgha.
 10398 | IceCv    | Reached skill level 13 in Invocations
 11223 | D:9      | Bought a pitted flail for 263 gold pieces
 11223 | D:9      | Identified the +7 flail "Tegru" {freeze, Int+3} (You bought
                  | it in a shop on level 9 of the Dungeon)
 11347 | Lair:3   | Found a staircase to the Shoals.
 11566 | Lair:3   | Reached skill level 1 in Spellcasting
 11669 | Lair:3   | Found a hole to the Spider Nest.
 11687 | Lair:3   | Reached skill level 14 in Invocations
 11841 | Lair:3   | Slain by a black mamba

Vault maps used:
D:1:      dpeg_arrival_fog, tso_metal_star
D:2:      nicolae_overflow_crystal_walls, dancing_weapons_uskayaw,
          evilmike_ruin_ashenzari, minmay_fractal_squares_5
D:3:      kennysheep_vampire_church, okawaru_trees_2, portal_sewer_entry_e
D:4:      old_standard_altar, nicolae_overflow_hidden_temple, serial_bayou,
          serial_bayou_lake_a, serial_bayou_shore_b, serial_bayou_pond_c,
          serial_bayou_ford_a, minmay_misc_feat_tiny
D:5:      nicolae_ru_path_of_blood, lemuel_crystal_altar, first_ration
D:6:      minmay_temple_entry_trees, grunt_dithmenos_smoke
D:7:      uniq_pikel
D:8:      hangedman_little_slice_of_home
D:9:      bloody_trog, david_lair_shrubbed, serial_shops,
          nicolae_shop_competitors_out_of_business, shop, uniq_erolcha,
          uniq_grum, uniq_maurice
D:10:     serial_shops, nicolae_shop_crystal
Temple:   jpeg_temple_clearing
Lair:1:   nicolae_volcano_entry_lava_flow, chequers_serial_rivers_room_b,
          grunt_megastairs_4, lemuel_fruit_tree
Lair:2:   portal_ice_cave_demonic_guard
Lair:3:   cheibrodos_lair_river_kwai, minmay_shoals_entry_centaurs,
          nicolae_spider_entry_tight_spaces
Sewer:    sewer_minmay_treatment
IceCv:    ice_cave_small_necro
Volcano:  volcano_pools

Skill      XL: |  1  2  3  4  5  6  7  8  9 10 11 12 |
---------------+-------------------------------------+-----
Armour         | 1 2 3 4 5 6 7 8 |  8.0
Fighting       | 3 4 5 6 7 9 11 | 11.4
Axes           | 4 5 6 7 8 10 11 12 | 12.0
Dodging        | 4 5 6 7 8 |  8.0
Invocations    | 3 5 7 11 14 | 14.0
Spellcasting   | 1 |  1.6
Stealth        | |  2.4

Action                   |  1- 3 |  4- 6 |  7- 9 | 10-12 || total
-------------------------+-------+-------+-------+-------++-------
Melee: Hand axe          |   104 |   333 |    25 |       ||   462
       War axe           |       |       |   356 |   235 ||   591
       Battleaxe         |       |       |       |   515 ||   515
Invok: Minor Destruction |       |       |     5 |     6 ||    11
       Lesser Servant of |       |       |     3 |    20 ||    23
       Major Destruction |       |       |       |     4 ||     4
 Abil: Heal Wounds       |     1 |     4 |    16 |    43 ||    64
Evoke: Wand              |       |       |     3 |    14 ||    17
  Use: Scroll            |       |       |    12 |     3 ||    15
       Potion            |       |       |     1 |     7 ||     8
 Stab: Sleeping          |     3 |       |     9 |       ||    12
       Distracted        |       |     1 |       |     3 ||     4
       Paralysed         |       |       |     5 |       ||     5
  Eat: Chunk             |       |    12 |    23 |    38 ||    73
       Ration            |       |       |       |     3 ||     3
Armor: Ring mail         |    36 |   137 |    97 |    43 ||   313
       Chain mail        |       |       |       |   476 ||   476
Dodge: Dodged            |    76 |   339 |   283 |   645 ||  1343

Table legend:
 A = Non-vault XP
 B = Vault XP
 C = Vault XP percentage of total XP
 D = Non-vault monster count
 E = Vault monster count
 F = Vault count percentage of total count
                 A         B        C        D         E       F
            +---------+---------+-------+---------+---------+-------
      Total |   21965 |   14977 |  40.5 |     247 |     164 |  39.9
            +---------+---------+-------+---------+---------+-------
        D:1 |      34 |       0 |   0.0 |      17 |       0 |   0.0
        D:2 |      42 |       8 |  16.0 |      10 |       6 |  37.5
        D:3 |     119 |     166 |  58.2 |      30 |      15 |  33.3
        D:4 |     293 |       0 |   0.0 |      16 |       0 |   0.0
        D:5 |     255 |       0 |   0.0 |       8 |       0 |   0.0
        D:6 |     509 |       0 |   0.0 |      10 |       0 |   0.0
        D:7 |     717 |     641 |  47.2 |      18 |       1 |   5.3
        D:8 |    1507 |     166 |   9.9 |      16 |       8 |  33.3
        D:9 |    3035 |    2074 |  40.6 |      38 |       7 |  15.6
       D:10 |    2797 |       0 |   0.0 |      32 |       0 |   0.0
     Lair:1 |    5452 |       0 |   0.0 |      21 |       0 |   0.0
     Lair:2 |    4654 |     708 |  13.2 |      23 |       2 |   8.0
     Lair:3 |    2551 |    2062 |  44.7 |       8 |      12 |  60.0
      Sewer |       0 |     348 | 100.0 |       0 |      48 | 100.0
      IceCv |       0 |    5453 | 100.0 |       0 |      54 | 100.0
    Volcano |       0 |    3351 | 100.0 |       0 |      11 | 100.0
            +---------+---------+-------+---------+---------+-------
